 Dungeon Crawl Stone Soup version 0.28-b1-1-g3c77fb2ed1 (webtiles) character file.

Game seed: 7554149180544288487

3224 Fractals the Fighter (level 10, -3/64 HPs)
             Began as a Kobold Brigand on Jan 29, 2022.
             Was an Initiate of Dithmenos.
             Slain by a yak (11 damage)
             ... on level 7 of the Dungeon.
             The game lasted 00:23:52 (8610 turns).

Fractals the Fighter (Kobold Brigand)               Turns: 8610, Time: 00:23:53

Health: -3/64      AC: 10    Str: 11    XL:     10   Next: 18%
Magic:  11/11      EV: 16    Int: 12    God:    Dithmenos [......]
Gold:   435        SH:  0    Dex: 19    Spells: 9/9 levels left

rFire   + . .      SeeInvis .   a - +3 dagger
rCold   . . .      Faith    .   (no shield)
rNeg    . . .      Spirit   .   p - +0 ring mail {rPois}
rPois   +          Reflect  .   r - +0 helmet
rElec   .          Harm     .   c - +0 cloak
rCorr   .          Rampage  .   u - +0 pair of gloves
Will    .....                   (no boots)
Stlth   ++++......              j - amulet of regeneration
HPRegen 1.00/turn               l - ring of protection from fire
MPRegen 0.12/turn               (no ring)

@: no status effects
A: small, no large weapons, nightstalker 3
a: Renounce Religion


You were on level 7 of the Dungeon.
You worshipped Dithmenos.
Dithmenos was noncommittal.
You visited 2 branches of the dungeon, and saw 9 of its levels.

You collected 435 gold pieces.

Inventory:

Hand Weapons
 a - a +3 dagger (weapon)
 h - a +2 falchion of freezing
 y - a +5 spear of venom
 A - a +2 whip of electrocution
Missiles
 d - a poisoned dart (quivered)
 e - a curare-tipped dart
 f - 58 sling bullets
 i - 9 bolts
 k - 122 stones
Armour
 c - a +0 cloak (worn)
 p - a +0 ring mail of poison resistance (worn)
 r - a +0 helmet (worn)
 u - a +0 pair of gloves (worn)
Jewellery
 j - an amulet of regeneration (around neck)
 l - a ring of protection from fire (left hand)
 m - a ring of positive energy
 t - a ring of protection from cold
Wands
 o - a wand of charming (4)
Scrolls
 b - 2 scrolls of teleportation
 q - 6 scrolls of identify
 x - a scroll of enchant weapon
 z - a scroll of fear
 B - a scroll of enchant armour {unknown}
Potions
 n - a potion of invisibility
 s - a potion of flight {unknown}
 v - a potion of attraction {unknown}
 w - a potion of lignification {unknown}


   Skills:
 + Level 8.3 Fighting
 - Level 8.0 Short Blades
 - Level 2.1 Throwing
 - Level 6.0 Armour
 - Level 6.0 Dodging
 - Level 6.0 Stealth
 + Level 2.1 Invocations
 - Level 4.0 Evocations


You had 9 spell levels left.
You didn't know any spells.
Your spell library contained the following spells:

 Spells                   Type           Power      Damage    Failure   Level
 Corpse Rot               Necr/Air       0%         N/A       71%         2
 Confusing Touch          Hex            0%         N/A       91%         3
 Dispel Undead            Necr           0%         3d6       100%        4
 Yara's Violent Unravell  Hex/Tmut       0%         3d3       100%        5
 Death Channel            Necr           0%         N/A       100%        6
 Enfeeble                 Hex            0%         N/A       100%        7


Dungeon Overview and Level Annotations

Branches:
Dungeon (8/15)             Temple (1/1) D:7
   Lair: D:8-11

Altars:
Ashenzari
Dithmenos
Elyvilon
Fedhas
Gozag
Hepliaklqana
Makhleb
Nemelex Xobeh
Okawaru
Qazlal
Ru
Sif Muna
Vehumet
Wu Jian
Zin
The Shining One

Shops:
D:7 :

Annotations:
D:3 Grinder
D:5 Eustachio
D:8 3 runed translucent doors


Innate Abilities, Weirdness & Mutations

You are small and have problems with some larger weapons.
You are completely attuned to the shadows.


Message History

The yak misses you. The yak gores you but does no damage.
You hit the yak.
The yak is severely wounded.
You hit the yak.
The yak is almost dead.
The yak barely misses you. The yak misses you.
You hit the yak but do no damage.
The yak is almost dead.
The yak misses you. The yak barely misses you.
You barely miss the yak.
The yak is almost dead.
You barely miss the yak.
The yak is almost dead.
The yak completely misses you. The yak gores you!
* * * LOW HITPOINT WARNING * * *
You barely miss the yak.
The yak is almost dead.
You hit the yak.
The yak is almost dead.
The yak closely misses you. The yak gores you but does no damage.
Unknown command.
You feel better. The yak gores you. The yak gores you!
* * * LOW HITPOINT WARNING * * *
You hit the yak but do no damage.
The yak is almost dead.
The yak closely misses you. The yak gores you.
* * * LOW HITPOINT WARNING * * *
You completely miss the yak.
The yak is almost dead.
You hit the yak but do no damage.
The yak is almost dead.
The yak gores you.
* * * LOW HITPOINT WARNING * * *
The yak closely misses you.
You barely miss the yak.
The yak is almost dead.
You closely miss the yak.
The yak is almost dead.
The yak gores you!
You die...

### #.# ############.#####
.).............Y@#####
.###########.####Y...# .#
#.# #.##.# .####
#.####.##.#####
....########.............#
....#......#.####.#..###.#
....#.####.#.# #.#..# #.#
.##.#.##.....# #.#..# #.#
.##.#.##.########.#..###.#


You could see 2 yaks.

Vanquished Creatures
  3 yaks (D:7)
  Menkaure (D:7)
  4 water moccasins
  5 black bears
  An ice beast (D:5)
  3 ogres
  A centaur (D:8)
  A phantom (D:6)
  A bullfrog (D:6)
  A gnoll sergeant (Temple)
  2 scorpions (D:5)
  4 wights
  A howler monkey (D:7)
  3 bullfrog zombies
  A centaur zombie (D:5)
  4 hounds
  A jelly (D:8)
  A centaur skeleton (D:5)
  Jessica (D:2)
  Natasha (D:2)
  4 orc wizards
  A hound zombie (D:5)
  A hound skeleton (D:4)
  Robin (D:4)
  9 gnolls
  5 adders
  11 orcs
  6 ball pythons
  2 bats (D:1)
  2 endoplasms (D:2)
  10 hobgoblins
  4 jackals (D:3)
  2 quokkas
  2 frilled lizards
  10 goblins
  2 kobolds
  2 rats
114 creatures vanquished.

Vanquished Creatures (collateral kills)
  A wyvern (D:7)
  An iguana (D:7)
  A scorpion zombie (D:5)
3 creatures vanquished.

Vanquished Creatures (others)
  5 plants (D:7)
5 creatures vanquished.

Grand Total: 122 creatures vanquished

Notes
Turn   | Place    | Note
-------+----------+-------------------------------------------
     0 | D:1      | Fractals the Kobold Brigand began the quest for the Orb.
     0 | D:1      | Reached XP level 1. HP: 12/12 MP: 1/1
   280 | D:1      | Reached XP level 2. HP: 18/18 MP: 2/2
   752 | D:1      | Found a faded altar of an unknown god.
  1087 | D:2      | Reached XP level 3. HP: 23/23 MP: 3/3
  1204 | D:2      | You fall into a shaft and drop 2 floors!
  1660 | D:1      | Reached XP level 4. HP: 29/29 MP: 4/4
  2252 | D:2      | Noticed Natasha
  2256 | D:2      | Killed Natasha
  2257 | D:2      | Reached skill level 1 in Armour
  2257 | D:2      | Reached XP level 5. HP: 33/33 MP: 5/5
  2291 | D:2      | Noticed Jessica
  2302 | D:2      | Killed Jessica
  2365 | D:3      | Noticed a water moccasin
  2369 | D:3      | Killed a water moccasin
  2370 | D:3      | Reached XP level 6. HP: 38/38 MP: 6/6
  2500 | D:3      | Noticed Grinder
  2504 | D:3      | Paralysed by Grinder for 7 turns
  2845 | D:3      | Paralysed by Grinder for 4 turns
  2854 | D:3      | Paralysed by Grinder for 6 turns
  3145 | D:4      | Noticed Robin
  3170 | D:4      | Killed Robin
  3751 | D:5      | Entered Level 5 of the Dungeon
  3751 | D:5      | Noticed an ice beast
  3752 | D:5      | Killed an ice beast
  3753 | D:5      | Reached skill level 5 in Fighting
  3753 | D:5      | Reached XP level 7. HP: 44/44 MP: 7/7
  4205 | D:5      | Reached skill level 5 in Short Blades
  4485 | D:5      | Reached XP level 8. HP: 51/51 MP: 8/8
  5646 | D:6      | Noticed Eustachio
  5695 | D:5      | Reached skill level 1 in Evocations
  6209 | D:6      | Reached XP level 9. HP: 8/43 MP: 9/9
  6796 | D:7      | Found Ohysypt's Book Shop.
  6798 | D:7      | Reached skill level 5 in Armour
  6932 | D:7      | Found a staircase to the Ecumenical Temple.
  6938 | Temple   | Entered the Ecumenical Temple
  7111 | Temple   | Became a worshipper of Dithmenos the Shadowed
  7166 | D:7      | Noticed Menkaure
  7177 | D:7      | Killed Menkaure
  7468 | Temple   | Reached skill level 5 in Dodging
  8326 | D:8      | Reached XP level 10. HP: 63/63 MP: 10/10
  8397 | D:8      | Found a runed translucent gate.
  8398 | D:8      | Found a runed translucent gate.
  8399 | D:8      | Found a runed translucent gate.
  8528 | D:7      | Reached skill level 1 in Invocations
  8610 | D:7      | Slain by a yak

Illustrated notes

Levels and vault maps discovered:
D:1:      minmay_arrival_three_doors, layout_loops_ring,
          dreamdust_ecumenical_altar_statues
D:2:      layout_rooms, kennysheep_jessica_study, uniq_natasha
D:3:      layout_basic, uniq_grinder
D:4:      layout_basic, uniq_robin
D:5:      layout_layer_cave
D:6:      layout_loops_ring, kennysheep_small_spiral, uniq_eustachio
D:7:      layout_basic, minmay_temple_entry_gardened_gates, serial_shops,
          nicolae_shop_trees, uniq_menkaure
D:8:      layout_cave_pools, gammafunk_ghost_icy, nicolae_lava_and_water,
          uniq_joseph
Temple:   mainiacjoe_temple_hex_bubbles

Skill      XL: |  1  2  3  4  5  6  7  8  9 10 |
---------------+-------------------------------+-----
Fighting       | 3 4 5 6 7 8 |  8.3
Stealth        | 6 |  6.0
Short Blades   | 3 4 5 8 |  8.0
Armour         | 1 2 4 6 |  6.0
Dodging        | 3 4 6 |  6.0
Evocations     | 2 4 |  4.0
Invocations    | 2 |  2.1
Throwing       | |  2.1

Action                   |  1- 3 |  4- 6 |  7- 9 | 10-12 || total
-------------------------+-------+-------+-------+-------++-------
Melee: Dagger            |   106 |   162 |   606 |    87 ||   961
       Punch             |     1 |     2 |    19 |     5 ||    27
Throw: Dart              |     5 |     3 |    17 |     9 ||    34
Evoke: Wand              |       |       |     1 |       ||     1
  Use: Potion            |       |     3 |     1 |     1 ||     5
       Scroll            |       |     3 |     9 |       ||    12
 Stab: Sleeping          |     9 |    12 |     9 |       ||    30
       Distracted        |       |       |     1 |       ||     1
Armor: Robe              |     6 |       |       |       ||     6
       Ring mail         |    11 |    30 |   164 |    20 ||   225
Dodge: Dodged            |    63 |    75 |   330 |    46 ||   514
